AoeStats
← éomer

Arena

510184541Analyzed
1v1 RM · 2d ago on Sep 29, 2026· 34m 11s· 2 players
Game mode
Random Map
Map size
Tiny (2 player)
Population
200
Speed
Normal
Resources
Standard
Victory
Conquest
Starting age
Dark Age
Ending age
Imperial Age
RankedLock teamsTeams togetherTeam positionsShared explorationLock speedFull tech treeHidden civsTurbo modeCheats
Victory
Defeat
🇩🇪 Gurjaras · Germany
1785
+11
🇹🇷 Hindustanis · Türkiye
1684
-11
éomer
11:13 Feudal Age
13:09 Double-Bit Axe
15:29 Castle Age
13:38 Horse Collar
16:18 Husbandry
17:15 Bow Saw
23:36 Wheelbarrow
26:41 Hand Cart
26:13 Loom
29:00 Imperial Age
26:20 Town Watch
26:42 Gold Mining
27:16 Padded Archer Armor
28:39 Gold Shaft Mining
30:44 Chemistry
30:07 Heavy Plow
31:00 Masonry
31:30 Leather Archer Armor
33:59 Ring Archer Armor
zagaluke
10:39 Feudal Age
11:49 Double-Bit Axe
14:27 Castle Age
12:44 Horse Collar
16:41 Bow Saw
16:38 Light Cavalry
23:10 Wheelbarrow
25:32 Hand Cart
26:04 Heavy Plow
29:12 Imperial Age
26:42 Loom
27:16 Gold Mining
27:19 Stone Mining
28:07 Scale Barding Armor
28:35 Forging
28:52 Bloodlines
28:43 Husbandry
29:54 Chain Barding Armor
30:57 Chemistry
31:22 Plate Barding Armor
31:38 Iron Casting
31:07 Elite Shrivamsha Rider
Connection lost

Rejoining the realm…

Still unreachable

The connection could not be restored.

Session expired

The server has moved on; the page needs a fresh start.